 Dungeon Crawl Stone Soup version 0.17-a0-1475-g9f81d98 (webtiles) character file.

7298 HEYYEYAAE the Zephyrmancer (level 11, -3/75 HPs)
             Began as a Human Air Elementalist on July 2, 2015.
             Was a Priest of Vehumet.
             Slain by a troll (5 damage)
             ... on level 10 of the Dungeon.
             The game lasted 00:30:10 (9403 turns).

HEYYEYAAE the Zephyrmancer (Human Air Elementalist) Turns: 9403, Time: 00:30:10

Health: -3/75      AC:  9    Str: 11    XL:     11   Next: 34%
Magic:  12/24      EV: 14    Int: 22    God:    Vehumet [***...]
Gold:   179        SH:  0    Dex: 14    Spells: 6 memorised, 6 levels left

rFire  + . .     SeeInvis .     V - +5 hand axe of Order {chop, *Contam rF+ rC+ MR+}
rCold  + . .     Clarity  .     l - +2 robe {MR+}
rNeg   . . .     SustAt   .     (no shield)
rPois  +         Gourm    .     a - +0 helmet
rElec  .         Spirit   .     t - +1 cloak
rCorr  .         Warding  .     O - +0 pair of gloves {Str+3}
rMut   .         Stasis   .     L - +0 pair of boots
MR     ++...                    (no amulet)
Stlth  ++........               M - ring of poison resistance
                                N - +3 ring of intelligence

@: repel missiles, very resistant to hostile enchantments, unstealthy
A: no striking features
a: Renounce Religion


You were on level 10 of the Dungeon.
You worshipped Vehumet.
Vehumet was most pleased with you.
You were hungry.

You visited 2 branches of the dungeon, and saw 11 of its levels.

You collected 607 gold pieces.
You spent 428 gold pieces at shops.

Inventory:

Hand weapons
 n - a +0 dagger of venom
 s - a +6 quarterstaff of chaos
 C - a +1 hand axe of electrocution
 I - a +1 flail of crushing
 V - the +5 hand axe of Order (weapon) {chop, *Contam rF+ rC+ MR+}
   (You found it on level 10 of the Dungeon)

   It inflicts extra damage upon your enemies.
   It protects you from fire.
   It protects you from cold.
   It affects your resistance to hostile enchantments.
   It causes magical contamination when unequipped.
Armour
 a - a +0 helmet (worn)
 l - a +2 robe of magic resistance (worn)
 t - a +1 cloak (worn)
 L - a +0 pair of boots (worn)
 O - a +0 pair of gloves of strength (worn)
Jewellery
 h - an uncursed amulet of faith
 H - an uncursed ring of sustain attributes
 M - a ring of poison resistance (right hand)
 N - a +3 ring of intelligence (left hand)
Magical devices
 k - a wand of teleportation (3)
 m - a wand of enslavement (7)
 u - a wand of confusion (18)
 v - a wand of teleportation (1)
 w - a wand of random effects (19)
 B - a wand of paralysis (1)
 E - a wand of digging (19)
 F - a wand of slowing (34)
 T - a wand of confusion (34)
 Y - a wand of digging (15)
Scrolls
 d - 2 scrolls of amnesia
 e - 5 scrolls of recharging
 f - 4 scrolls of fear
 i - 3 scrolls of teleportation
 p - a scroll of blinking
 r - 3 scrolls of remove curse
 G - a scroll of vulnerability {unknown}
 J - 2 scrolls of random uselessness
 K - a scroll of acquirement {unknown}
 P - a scroll of magic mapping {unknown}
 Q - 2 scrolls of noise {unknown}
Potions
 g - 2 potions of resistance
 o - 6 potions of curing
 A - a potion of poison {unknown}
 D - a potion of lignification
 R - a potion of heal wounds
 S - a potion of invisibility {unknown}
 U - a potion of haste
Books
 b - a book of Air

   Spells                             Type                      Level
   a - Shock                          Conjuration/Air              1
   b - Swiftness                      Charms/Air                   2
   c - Repel Missiles                 Charms/Air                   2
   d - Static Discharge               Conjuration/Air              3
   e - Lightning Bolt                 Conjuration/Air              5
 y - a book of Ice

   Spells                             Type                      Level
   a - Ice Form                       Ice/Transmutation            4
   b - Metabolic Englaciation         Hexes/Ice                    5
   c - Ozocubu's Refrigeration        Ice                          6
   d - Bolt of Cold                   Conjuration/Ice              6
   e - Freezing Cloud                 Conjuration/Ice/Air          6
   f - Simulacrum                     Ice/Necromancy               6
 z - a book of the Tempests

   Spells                             Type                      Level
   a - Static Discharge               Conjuration/Air              3
   b - Lightning Bolt                 Conjuration/Air              5
   c - Fireball                       Conjuration/Fire             5
   d - Tornado                        Air                          9
   e - Shatter                        Earth                        9
 X - a Grand Grimoire

   Spells                             Type                      Level
   a - Monstrous Menagerie            Summoning                    6
   b - Summon Greater Demon           Summoning                    7
   c - Malign Gateway                 Summoning/Translocation      7
   d - Summon Horrible Things         Summoning                    8
Comestibles
 c - 17 bread rations
 j - 7 beef jerkies
 q - 3 meat rations
 x - 4 fruits
 W - 5 chunks of flesh


   Skills:
 + Level 3.4 Fighting
 + Level 3.5 Armour
 + Level 4.2 Dodging
 - Level 2.0 Stealth
 + Level 9.6 Spellcasting
 - Level 1.0 Conjurations
 * Level 11.9 Air Magic


You had 6 spell levels left.
You knew the following spells:

 Your Spells              Type           Power        Failure   Level  Hunger
a - Shock                 Conj/Air       ####         1%          1    None
b - Static Discharge      Conj/Air       #####...     1%          3    None
c - Repel Missiles        Chrm/Air       #####.       1%          2    None
d - Lightning Bolt        Conj/Air       #####.....   4%          5    ####...
e - Tornado               Air            ######....   100%        9    #######
f - Mephitic Cloud        Conj/Pois/Air  ####....     1%          3    None


Dungeon Overview and Level Annotations

Branches:
Dungeon (10/15)            Temple (1/1) D:6            Lair (0/8) D:10
    Orc: D:9-12

Altars:
Ashenzari
Elyvilon
Fedhas
Nemelex Xobeh
Sif Muna
Vehumet
Xom
Zin

Shops:
D:7 =   D:9 [}*

Annotations:
D:8 North's ghost, experienced MiBe


Message History

The lightning arcs!
The centaur skeleton is struck by lightning.
The lightning grounds out.
The centaur skeleton closely misses you.
The troll closely misses you. The troll barely misses you.
The troll claws you but does no damage.
The centaur skeleton hits you but does no damage.
Casting: Static Discharge
Confirm with . or Enter, or press ? or * to list all spells.
The centaur skeleton is struck by lightning.
The lightning arcs!
You are struck by lightning.
* * * LOW HITPOINT WARNING * * *
The lightning arcs!
The centaur skeleton is struck by lightning.
The lightning grounds out.
The troll is struck by lightning.
The troll is severely wounded.
The lightning grounds out.
The troll bites you!
* * * LOW HITPOINT WARNING * * *
The troll claws you.
You die...

######### #.......##
#........###########
#....)...#......).<#
#[.................#
####.......##..Z......#
...'.....†.##...@T....#
####.......######'#####
######'## #.### ###.#
#.†.# #..)# ###.# #.###
#.# # #.# #######'##
#######.## #........#
.........# '........#


You could see a troll and a centaur skeleton.

Vanquished Creatures
  An unseen horror (D:10)
  The ghost of Ajdolov the Spear-Bearer, an experienced MfGl (D:7)
  A troll (D:10)
  A two-headed ogre (D:8)
  Grinder (D:5)
  The ghost of comborobin the Slasher, an average HECK of Xom (D:4)
  A basilisk (D:10)
  2 hippogriffs
  A wyvern (D:8)
  Duvessa (D:5)
  3 black bears
  2 orc warriors
  2 sky beasts
  5 ogres
  A phantom (D:4)
  3 ice beasts
  A big kobold (D:9)
  4 crocodiles (D:10)
  4 giant frogs
  A gnoll sergeant (D:8)
  Dowan (D:5)
  19 killer bees
  4 scorpions
  7 crimson imps
  5 jellies
  A centaur skeleton (D:5)
  2 centaur zombies
  5 iguanas
  A quasit (D:9)
  8 hounds
  Crazy Yiuf (D:2)
  6 orc priests
  4 orc wizards
  Jessica (D:2)
  2 giant frog skeletons
  4 sheep (D:10)
  A hound skeleton (D:9)
  2 worker ant zombies (D:5)
  3 gnolls (D:8)
  6 river rats
  A shadow imp (D:3)
  10 adders
  2 oozes
  2 adder skeletons
  4 giant geckos
  29 orcs
  21 bats
  A bat skeleton (D:5)
  A bat zombie (D:6)
  7 giant cockroaches
  11 goblins
  12 hobgoblins
  18 kobolds
  3 quokkas
  4 ball pythons
  A giant gecko skeleton (D:4)
  5 giant newts
  19 rats
271 creatures vanquished.

Notes
Turn   | Place    | Note
--------------------------------------------------------------
     0 | D:1      | HEYYEYAAE the Human Air Elementalist began the quest for the Orb.
     0 | D:1      | Reached XP level 1. HP: 13/13 MP: 3/3
   144 | D:1      | Reached XP level 2. HP: 5/20 MP: 0/5
   600 | D:1      | Reached skill level 1 in Fighting
   688 | D:1      | Reached skill level 1 in Armour
   688 | D:1      | Reached XP level 3. HP: 26/26 MP: 4/6
  1513 | D:2      | Noticed Jessica
  1519 | D:2      | Killed Jessica
  1519 | D:2      | Reached XP level 4. HP: 17/32 MP: 1/7
  1710 | D:2      | Noticed Crazy Yiuf
  1731 | D:2      | Killed Crazy Yiuf
  1731 | D:2      | Reached XP level 5. HP: 27/37 MP: 2/9
  1971 | D:2      | Found a blossoming altar of Fedhas.
  1983 | D:2      | Found a white marble altar of Elyvilon.
  2536 | D:3      | Reached skill level 4 in Air Magic
  2672 | D:4      | Reached XP level 6. HP: 42/44 MP: 10/10
  2775 | D:4      | Noticed comborobin's ghost (average HECK)
  2807 | D:4      | Learned a level 3 spell: Static Discharge
  2810 | D:4      | Learned a level 2 spell: Repel Missiles
  2816 | D:4      | Learned a level 5 spell: Lightning Bolt
  2908 | D:4      | Killed comborobin's ghost
  2908 | D:4      | Reached skill level 5 in Air Magic
  2908 | D:4      | Reached XP level 7. HP: 32/50 MP: 0/13
  3376 | D:4      | Noticed a phantom
  3402 | D:5      | Entered Level 5 of the Dungeon
  3526 | D:5      | Noticed Duvessa
  3593 | D:4      | Killed a phantom
  3694 | D:4      | Reached XP level 8. HP: 42/56 MP: 8/15
  3725 | D:4      | Reached skill level 5 in Spellcasting
  3813 | D:5      | Reached skill level 6 in Air Magic
  3901 | D:5      | Noticed Dowan
  3915 | D:5      | Killed Duvessa
  3920 | D:5      | Killed Dowan
  4284 | D:5      | Noticed Grinder
  4298 | D:5      | Killed Grinder
  4298 | D:5      | Reached skill level 7 in Air Magic
  4418 | D:5      | Reached XP level 9. HP: 30/61 MP: 3/18
  4422 | D:5      | Found a shimmering altar of Xom.
  5047 | D:6      | Reached skill level 8 in Air Magic
  5401 | D:6      | Found a staircase to the Ecumenical Temple.
  5623 | Temple   | Entered the Ecumenical Temple
  5645 | Temple   | Became a worshipper of Vehumet
  6063 | D:7      | Reached skill level 9 in Air Magic
  6215 | D:7      | Noticed Ajdolov's ghost (experienced MfGl)
  6286 | D:7      | Killed Ajdolov's ghost
  6286 | D:7      | Reached XP level 10. HP: 64/67 MP: 8/22
  6383 | D:7      | Found Ikaas's Jewellery Shoppe.
  6391 | D:7      | Bought an uncursed ring of poison resistance for 240 gold pieces
  6391 | D:7      | Bought a +3 ring of intelligence for 188 gold pieces
  6404 | D:7      | Learned a level 9 spell: Tornado
  6635 | D:8      | Noticed North's ghost (experienced MiBe)
  6651 | D:8      | Reached skill level 10 in Air Magic
  6839 | D:8      | Acquired Vehumet's first power
  6839 | D:8      | Offered knowledge of Freeze by Vehumet.
  7696 | D:9      | Reached skill level 11 in Air Magic
  7809 | D:9      | Found Velur's Assorted Antiques.
  7899 | D:9      | Found Weg Hum's Armour Shoppe.
  7900 | D:9      | Found Nobomex's Gadget Shop.
  7969 | D:9      | Offered knowledge of Searing Ray by Vehumet.
  8229 | D:9      | Reached XP level 11. HP: 37/72 MP: 17/24
  8647 | D:10     | Entered Level 10 of the Dungeon
  8831 | D:10     | Offered knowledge of Mephitic Cloud by Vehumet.
  8836 | D:10     | Learned a level 3 spell: Mephitic Cloud
  8868 | D:10     | Got a bloodstained hand axe
  8869 | D:10     | Identified the +5 hand axe of Order {chop, *Contam rF+ rC+ MR+} (You found it on level 10 of the Dungeon)
  8939 | D:10     | Noticed a stone giant
  9031 | D:10     | Killed an unseen horror
  9259 | D:10     | Found a staircase to the Lair.
  9329 | D:10     | Acquired Vehumet's second power
  9403 | D:10     | HP: 2/75 [troll (15)]
  9403 | D:10     | Slain by a troll

Vault maps used:
D:1:      eino_arrival_water_cross
D:2:      amethyst_overflow_temple_binary, kennysheep_decorative_pillar,
          grunt_ministairs_14, item_on_display_a, uniq_crazy_yiuf_cottage,
          uniq_jessica
D:5:      lemuel_coloured_pillars_altar, first_bread, portal_sewer_entry_b,
          kennysheep_boxes, uniq_grinder, uniq_duvessa
D:6:      minmay_temple_entry_nine_rooms
D:7:      serial_shops, nicolae_shop_competitors_out_of_business,
          grunt_ogre_cave, nrook_mini_vaults
D:9:      serial_shops, shop, nicolae_shop_waterfront, kennysheep_mini,
          hangedman_decor_peaks_small
D:10:     minmay_lair_entry_grove, minmay_three_doors
Temple:   nicolae_temple_elliptical

Action                   |  1- 3 |  4- 6 |  7- 9 | 10-12 || total
-------------------------+-------+-------+-------+-------++-------
Melee: Unarmed           |    11 |       |       |       ||    11
       Short sword       |    11 |       |       |       ||    11
       Spear             |    14 |       |       |       ||    14
       Quarterstaff      |       |    59 |   209 |   117 ||   385
       Hand axe          |       |       |       |    28 ||    28
 Cast: Shock             |    54 |    50 |   112 |   220 ||   436
       Static Discharge  |       |       |    21 |    30 ||    51
       Repel Missiles    |       |       |       |     2 ||     2
       Lightning Bolt    |       |       |       |     1 ||     1
Evoke: Wand              |       |       |     1 |     9 ||    10
  Use: Scroll            |       |     6 |    17 |     7 ||    30
       Potion            |       |     1 |     4 |     6 ||    11
 Stab: Sleeping          |       |     1 |     9 |     5 ||    15
       Distracted        |       |       |     1 |       ||     1
       Confused          |       |       |     1 |       ||     1
       Paralysed         |       |       |       |     8 ||     8
  Eat: Chunk             |     1 |     6 |     7 |     8 ||    22
       Meat ration       |       |       |     1 |       ||     1
       Royal jelly       |       |       |       |     1 ||     1
